 Dungeon Crawl Stone Soup version 0.29.1-15-g9cfb28693d (webtiles) character file.

Game seed: 10436537439902262039

57 suse60 the Poker (level 4, -5/38 HPs)
             Began as a Merfolk Fighter on Mar 23, 2023.
             Killed from afar by a white imp (6 damage)
             ... with a puff of frost
             ... summoned by Natasha
             ... on level 2 of the Dungeon.
             The game lasted 00:04:54 (1125 turns).

suse60 the Poker (Merfolk Fighter)                  Turns: 1125, Time: 00:04:55

Health: -5/38      AC:  6    Str: 18    XL:     4   Next: 0%
Magic:  4/4        EV:  9    Int: 12    God:
Gold:   78         SH:  0    Dex: 13    Spells: 3/3 levels left

rFire   . . .      SeeInvis .   g - +11 bardiche "Ruteec" {freeze, rElec Int+5}
rCold   . . .      Faith    .   (shield currently unavailable)
rNeg    . . .      Spirit   .   b - +0 scale mail
rPois   .          Reflect  .   (no helmet)
rElec   +          Harm     .   (no cloak)
rCorr   .          Rampage  .   (no gloves)
Will    .....                   (no boots)
Stlth   ..........              (no amulet)
HPRegen 0.12/turn               (no ring)
MPRegen 0.09/turn               (no ring)

@: no status effects
A: (nimble swimmer 2), mertail
a: no special abilities


You were on level 2 of the Dungeon.
You visited 1 branch of the dungeon, and saw 2 of its levels.

You collected 78 gold pieces.

Inventory:

Hand Weapons
 g - the +11 bardiche "Ruteec" (weapon) {freeze, rElec Int+5}
   (You acquired it on level 1 of the Dungeon)

   It freezes those it strikes, dealing additional cold damage.
   It can also slow down cold-blooded creatures.
   Int:       It affects your intelligence (+5).
   rElec:     It insulates you from electricity.
Armour
 b - a +0 scale mail (worn)
Potions
 a - a potion of brilliance {unknown}
 c - a potion of magic {unknown}
 d - a potion of might
 e - a potion of mutation {unknown}
 f - 2 potions of degeneration {unknown}


   Skills:
 + Level 4.3 Fighting
 + Level 4.3 Polearms
 - Level 2.1 Armour
 - Level 3.0 Shields


You had 3 spell levels left.
You didn't know any spells.
Your spell library contained the following spells:

 Spells                   Type           Power      Damage    Failure   Level
 Sublimation of Blood     Necr           0%         N/A       85%         2
 Petrify                  Tmut/Erth      0%         N/A       100%        4
 Irradiate                Conj/Tmut      0%         3d11      100%        5


Dungeon Overview and Level Annotations

Branches:
Dungeon (2/15)

Altars:

Annotations:
D:2 Natasha


Innate Abilities, Weirdness & Mutations

((You are very nimble when in or above water. (Stealth+, EV+, Speed+++)))
Your lower body shifts to a powerful aquatic tail in water.


Message History

The ball python bites you but does no damage.
The ball python grabs you. The ball python constricts you.
You slice the ball python!!
The ball python seems to slow down.
You freeze the ball python.
You kill the ball python!
HP restored.
Natasha, Servant of Life and Death comes into view.
Natasha hisses angrily.
Natasha moves out of view.
A bat comes into view.
The bat hits you but does no damage.
You slice the bat!! You freeze the bat.
You kill the bat!
You have reached level 4!
Natasha claws you!
You barely miss Natasha. Natasha claws you.
You hit Natasha. You freeze Natasha.
Natasha is moderately wounded.
Natasha claws you. x2
You closely miss Natasha.
Natasha is moderately wounded.
Natasha mumbles some strange words.
Natasha barely misses you.
You closely miss Natasha.
Natasha is moderately wounded.
Natasha claws you.
You barely miss Natasha.
Natasha is moderately wounded.
Natasha stares at you and mumbles some strange words.
You resist with some effort.
The white imp hits you but does no damage.
Natasha barely misses you. The white imp gestures at you.
The puff of frost hits you!
* * * LOW HITPOINT WARNING * * *
You closely miss the white imp. Natasha claws you.
* * * LOW HITPOINT WARNING * * *
The white imp gestures at you. The puff of frost hits you.
You die...

... ... #.. #..
. #..########
..###..h@.†$..#
.......5..###...
.......(..#
#....†<..#
#$(......#
#........#
#........#
##########


You could see Natasha and a white imp (summoned).

Vanquished Creatures
  2 adders (D:2)
  A dart slug (D:1)
  3 ball pythons
  3 giant cockroaches (D:1)
  4 goblins (D:1)
  6 hobgoblins (D:1)
  4 kobolds (D:1)
  2 quokkas (D:1)
  4 bats
  3 frilled lizards (D:1)
  2 rats (D:1)
34 creatures vanquished.

Notes
Turn   | Place    | Note
-------+----------+-------------------------------------------
     0 | D:1      | suse60 the Merfolk Fighter began the quest for the Orb.
     0 | D:1      | Reached XP level 1. HP: 18/18 MP: 1/1
   118 | D:1      | Reached XP level 2. HP: 24/24 MP: 2/2
   147 | D:1      | Identified a scroll of acquirement
   147 | D:1      | Acquired the +11 bardiche "Ruteec" {freeze, rElec Int+5}
   712 | D:1      | Reached XP level 3. HP: 28/30 MP: 3/3
  1116 | D:2      | Noticed Natasha
  1119 | D:2      | Reached XP level 4. HP: 38/38 MP: 4/4
  1125 | D:2      | HP: 1/38 [Natasha (6)]
  1125 | D:2      | Killed from afar by a white imp

Illustrated notes

Levels and vault maps discovered:
D:1:      minmay_arrival_doors, layout_loops_corners, amcnicky_mini_pool_small,
          minmay_heptomino_h4
D:2:      layout_rooms, basic_altar, uniq_natasha

Skill      XL: |  1  2  3 |
---------------+----------+-----
Polearms       | 3 4 |  4.3
Fighting       | 4 |  4.3
Armour         | |  2.1
Shields        | |  3.0

Action                   |  1- 3 |  4- 6 || total
-------------------------+-------+-------++-------
Melee: Trident           |    10 |       ||    10
       Bardiche          |    38 |     6 ||    44
  Use: Scroll            |     4 |       ||     4
Armor: Scale mail        |    11 |     1 ||    12
Dodge: Dodged            |    10 |     2 ||    12
